 Dungeon Crawl Stone Soup version 0.23.2 (webtiles) character file.

Game seed: 10884771423266955404

113 Menchi the Sneak (level 5, 0/30 HPs)
             Began as a Kobold Assassin on Apr 9, 2019.
             Slain by an orc
             ... wielding a +0 morningstar
              (8 damage)
             ... on level 3 of the Dungeon.
             The game lasted 00:05:14 (2406 turns).

Menchi the Sneak (Kobold Assassin)                  Turns: 2406, Time: 00:05:14

Health: 0/30       AC:  3    Str:  9    XL:     5   Next: 17%
Magic:  5/5        EV: 14    Int: 12    God:
Gold:   120        SH:  6    Dex: 17    Spells: 4/4 levels left

rFire    . . .     SeeInvis .   a - +2 short sword (speed)
rCold    . . .     Gourm    .   p - +2 buckler
rNeg     . . .     Faith    .   c - +0 robe
rPois    .         Spirit   .   (no helmet)
rElec    .         Reflect  .   d - +0 cloak
rCorr    .         Harm     .   (no gloves)
MR       .....                  (no boots)
Stlth    ++++......             (no amulet)
HPRegen  0.10/turn              q - +2 ring of slaying
MPRegen  0.09/turn              (no ring)

@: no status effects
A: small, carnivore
a: no special abilities


You were on level 3 of the Dungeon.
You were completely stuffed.

You visited 1 branch of the dungeon, and saw 3 of its levels.

You collected 120 gold pieces.

Inventory:

Hand Weapons
 a - a +2 short sword of speed (weapon)
 b - a +0 blowgun
 j - a +2 dagger
Missiles
 e - 23 poisoned needles
 f - 2 curare-tipped needles
Armour
 c - a +0 robe (worn)
 d - a +0 cloak (worn)
 p - a +2 buckler (worn)
Jewellery
 q - a +2 ring of slaying (left hand)
Scrolls
 m - a scroll of teleportation {unknown}
 o - 2 scrolls of identify
 s - 2 scrolls of remove curse
Potions
 i - 2 potions of lignification
 k - a potion of brilliance {unknown}
 l - a potion of cancellation {unknown}
 n - a potion of mutation {unknown}
 r - a potion of flight {unknown}
Comestibles
 g - 4 rations


   Skills:
 - Level 2.1 Fighting
 * Level 4.1 Short Blades
 - Level 2.1 Throwing
 * Level 2.3 Dodging
 * Level 7.2 Stealth
 * Level 0.3 Shields


You had 4 spell levels left.
You didn't know any spells.
Your spell library was empty.

Dungeon Overview and Level Annotations

Branches:
Dungeon (3/15)

Altars:


Innate Abilities, Weirdness & Mutations

You are small and have problems with some larger weapons.
You are carnivorous and can eat meat at any time.


Message History

Found a scroll labeled OJARHUMAMO.
The orc priest calls down the wrath of Beogh upon you.
Pain shoots through your body! You block the orc's attack.
You barely miss the orc.
The orc shouts!
You hit the orc priest but do no damage.
You hear a shout!
You block the orc's attack. The orc priest hits you.
You hit the orc priest but do no damage.
You barely miss the orc priest. You block the orc priest's attack.
You hit the orc priest but do no damage.
You closely miss the orc priest. The orc hits you but does no damage.
The orc priest calls down the wrath of Beogh upon you.
Pain shoots through your body!
* * * LOW HITPOINT WARNING * * *
As you read the scroll labeled RODECS RIXUICA, it crumbles to dust.
It is a scroll of identify.
i - 2 potions of lignification The orc hits you with a +0 morningstar!
You die...

#?# #.# #.#####.####### ##
## #.#...........####. ..
#.#.#.#..####...... #.
#........####.##... #.
#....♣............. #.
#...♣.♣..####.####. ##.###.
#.†♣^_.♣..###.####.
.......###@.♣.♣....##......
#....!.ooo..♣...#.##.####'
#o.#####........#.##.###).
#.#####.##.##.##... #.#
#.......#.... #.#
#....###..... ...
.......+..... #.#
#....###..... #.# ##.#.#
##....


You could see an orc priest and 2 orcs.

Vanquished Creatures
  2 adders (D:2)
  A shadow imp (D:3)
  2 oozes
  A worm (D:1)
  2 dart slugs
  A leopard gecko (D:2)
  8 orcs (D:3)
  8 bats
  2 giant cockroaches
  6 goblins
  3 hobgoblins
  9 jackals
  A quokka (D:3)
  A ball python (D:2)
  3 frilled lizards
  5 kobolds
  7 rats
62 creatures vanquished.

Notes
Turn   | Place    | Note
-------+----------+-------------------------------------------
     0 | D:1      | Menchi the Kobold Assassin began the quest for the Orb.
     0 | D:1      | Reached XP level 1. HP: 12/12 MP: 1/1
    83 | D:1      | Reached XP level 2. HP: 8/17 MP: 2/2
   472 | D:1      | Reached skill level 6 in Stealth
   879 | D:1      | Reached XP level 3. HP: 16/21 MP: 3/3
  1317 | D:2      | Reached XP level 4. HP: 23/26 MP: 4/4
  2131 | D:3      | Reached skill level 7 in Stealth
  2145 | D:3      | Reached XP level 5. HP: 20/30 MP: 5/5
  2373 | D:3      | Found a faded altar of an unknown god.
  2406 | D:3      | Slain by an orc

Skill      XL: |  1  2  3  4 |
---------------+-------------+-----
Stealth        | 6 7 |  7.2
Short Blades   | 3 4 |  4.1
Dodging        | 2 |  2.3
Fighting       | |  2.1
Throwing       | |  2.1
Shields        | |  0.3

Action                   |  1- 3 |  4- 6 || total
-------------------------+-------+-------++-------
Melee: Dagger            |    48 |       ||    48
       Short sword       |    33 |    79 ||   112
  Use: Scroll            |     2 |     1 ||     3
 Stab: Sleeping          |     9 |    10 ||    19
  Eat: Chunk             |    10 |     3 ||    13
Armor: Robe              |    23 |     8 ||    31
Dodge: Dodged            |    41 |    33 ||    74
Block: Buckler           |       |    15 ||    15
